 Dungeon Crawl Stone Soup version 0.28.0 (webtiles) character file.

Game seed: 9816913447978658841

53 AmazingTV the Grasshopper (level 3, 0/18 HPs)
             Began as a Spriggan Warper on Mar 23, 2024.
             Slain by a hound (5 damage)
             ... on level 2 of the Dungeon.
             The game lasted 00:05:28 (2101 turns).

AmazingTV the Grasshopper (Spriggan Warper)         Turns: 2101, Time: 00:05:29

Health: 0/18       AC:  2    Str:  9    XL:     3   Next: 64%
Magic:  8/8        EV: 17    Int: 14    God:
Gold:   53         SH:  0    Dex: 14    Spells: 6/8 levels left

rFire   . . .      SeeInvis +   a - +0 short sword {short}
rCold   . . .      Faith    .   (no shield)
rNeg    . . .      Spirit   .   i - +0 robe
rPois   .          Reflect  .   (helmet restricted)
rElec   .          Harm     .   (no cloak)
rCorr   .          Rampage  .   (gloves unavailable)
Will    .....                   (boots unavailable)
Stlth   ++........              (no amulet)
HPRegen 0.06/turn               (no ring)
MPRegen 0.11/turn               (no ring)

@: very quick
A: very small, no large weapons, unfitting armour, see invisible, speed 3
a: no special abilities


You were on level 2 of the Dungeon.
You visited 1 branch of the dungeon, and saw 2 of its levels.

You collected 53 gold pieces.


Innate Abilities, Weirdness & Mutations

You are very small and have problems with some larger weapons.
You are too small for most types of armour.
You have supernaturally acute eyesight. (SInv)
You cover ground extremely quickly. (Speed+++)


   Skills:
 + Level 1.9 Fighting
 + Level 2.5 Short Blades
 + Level 1.0(1.4) Slings
 - Level 1.2(1.4) Throwing
 + Level 3.5 Dodging
 + Level 1.8 Stealth
 + Level 3.1 Spellcasting
 + Level 4.9 Translocations


You had 6 spell levels left.
You knew the following spells:

 Your Spells              Type           Power      Damage    Failure   Level
a - Blink                 Tloc           30%        N/A       4%          2

Your spell library contained the following spells:

 Spells                   Type           Power      Damage    Failure   Level
 Gell's Gravitas          Tloc           15%        N/A       9%          3
 Lesser Beckoning         Tloc           15%        N/A       9%          3
 Teleport Other           Tloc           15%        N/A       9%          3
 Ozocubu's Armour         Ice            2%         N/A       54%         3
 Manifold Assault         Tloc           15%        N/A       61%         5
 Ozocubu's Refrigeration  Ice            1%         4d5       100%        7

Inventory:

Hand Weapons
 a - a +0 short sword (weapon) {short}
 b - a +0 hunting sling {sling}
   (You found it on level 1 of the Dungeon)
Missiles
 d - 5 boomerangs of dispersal (quivered) {=f!f}
 g - 60 stones
Armour
 i - a +0 robe (worn)
Magical Staves
 m - a staff of earth {!astaff}
   (You found it on level 2 of the Dungeon)
Scrolls
 c - a scroll of blinking {!r}
 e - 3 scrolls of identify {unknown}
 f - a scroll of holy word {unknown}
 h - a scroll of teleportation {unknown}
 l - a scroll of enchant weapon {unknown}
 n - a scroll of fear {unknown}
Potions
 j - a potion of curing {unknown}
 k - 2 potions of haste {unknown}

Dungeon Overview and Level Annotations

Branches:
Dungeon (2/15)

Altars:
Makhleb

Shops:
D:1 [:(:

#.###<#.# #.... (. #.#
#...# #.... #.
#.###...# #.... #(
#.......# #.... #.
######..# #....
##(#### #..# ##.##
#.....#####.## #.#
#..h.......[.# #.#
#..@..######.## #.#
#.......<# #..# #.##
#.....#######.# #...
#.............###.##
.........######..##...
###......# ###..##..#
######.# #.....#..#
#.# #.#.#.#..# #.#
#.#.#....#


You could see a hound.


Message History

g - 41 stones (gained 1)
g - 42 stones (gained 1)
g - 43 stones (gained 1)
g - 44 stones (gained 1)
A bat comes into view.
Found a stone staircase leading down. 😎 HP[+5]
Your hp is fully restored (18).
A bat is nearby!
You shoot a stone.
The stone hits the bat but does no damage.
You shoot a stone. The stone closely misses the bat.
The bat hits you but does no damage.
a - a +0 short sword (weapon)
{short} The bat misses you.
You hit the bat. The bat misses you. The bat misses you.
The bat hits you. 😕 HP[-1]
You take 1 damage, and now have 17/18 hp.
The bat barely misses you.
You hit the bat.
You kill the bat!
g - 43 stones (gained 1)
g - 44 stones (gained 1)
There is a stone staircase leading down here.
You see here a +0 short sword {short}.
There is a stone staircase leading down here.
You see here a bat corpse.
You open the door.
Found a stone staircase leading up. 😎 HP[+1]
Your hp is fully restored (18).
A ball python comes into view.
There is an open door here.
The ball python hisses angrily.
An endoplasm comes into view.
The ball python barely misses you. The ball python misses you.
You closely miss the ball python. The ball python misses you.
The ball python barely misses you.
You hit the ball python.
You kill the ball python!
Your Slings skill increases to level 1!
You see here a ball python corpse.
You hit the endoplasm. The endoplasm misses you.
You barely miss the endoplasm. You punch the endoplasm.
The endoplasm misses you.
You hit the endoplasm.
You kill the endoplasm!
You see here a +0 pair of gloves.
Found a stone staircase leading down.
n - a scroll labelled XOBONI JANORGHY
b - a +0 hunting sling (weapon)
{sling}
g - 63 stones (gained 19)
A goblin comes into view. It is wielding a +0 dagger.
You shoot a stone. The stone hits the goblin.
You kill the goblin!
g - 63 stones (gained 1)
Things that are here:
a +0 dagger {short}; a goblin corpse A rat comes into view.
You shoot a stone.
The stone hits the rat but does no damage.
a - a +0 short sword (weapon)
{short} You closely miss the rat.
The rat bites you but does no damage.
You closely miss the rat. The rat bites you. 😕 HP[-2]
You take 2 damage, and now have 16/18 hp.
You hit the rat.
You kill the rat!
b - a +0 hunting sling (weapon)
{sling}
g - 63 stones (gained 1)
Found a stone staircase leading up. 😎 HP[+2]
Your hp is fully restored (18).
a - a +0 short sword (weapon)
{short}
b - a +0 hunting sling (weapon)
{sling} A hound comes into view.
The hound barks!
You shoot a stone. The stone hits the hound.
You shoot a stone. The stone hits the hound.
You shoot a stone.
The stone hits the hound but does no damage.
a - a +0 short sword (weapon)
{short} You hit the hound.
The hound bites you.
The hound completely misses you. 😕 HP[-4]
You take 4 damage, and now have 14/18 hp.
MASSIVE DAMAGE!! (PAUSE)
You hit the hound. The hound bites you but does no damage.
You hit the hound. The hound bites you. x2
* * * LOW HITPOINT WARNING * * *
😨 HP[-6]
You take 6 damage, and now have 8/18 hp.
MASSIVE DAMAGE!! (PAUSE)
You closely miss the hound. The hound bites you.
* * * LOW HITPOINT WARNING * * *
😨 HP[-3]
You take 3 damage, and now have 5/18 hp.
You closely miss the hound. The hound bites you.
You die...

Skill      XL: |  1  2  3 |
---------------+----------+-----
Stealth        | 1 |  1.8
Spellcasting   | 3 |  3.1
Slings         | 1 |  1.0
Fighting       | |  1.9
Short Blades   | |  2.5
Throwing       | |  1.2
Dodging        | |  3.5
Translocations | |  4.9

Action                   || total
-------------------------++-------
Melee: Short sword       ||    67
       Punch             ||     1
 Fire: Hunting sling     ||    54
 Stab: Sleeping          ||     2
Armor: Robe              ||     5
Dodge: Dodged            ||    44

Levels and vault maps discovered:
D:1:      lightli_molten_gateway, layout_basic,
          dreamdust_ecumenical_altar_statues, serial_shops,
          nicolae_shop_crystal, nicolae_square_shop, shop_statue, shop,
          minivault_11
D:2:      minmay_evil_eye, layout_basic, basic_altar

Notes
Turn   | Place    | Note
-------+----------+-------------------------------------------
     0 | D:1      | AmazingTV the Spriggan Warper began the quest for the Orb.
     0 | D:1      | Reached XP level 1. HP: 10/10 MP: 5/5
     0 | D:1      | magus.rc [v1.9.6]
    62 | D:1      | Found Yshrifoe's Book Emporium.
   419 | D:1      | Reached XP level 2. HP: 11/15 MP: 6/6
   601 | D:1      | Found a faded altar of an unknown god.
   619 | D:1      | Reached skill level 1 in Stealth
   727 | D:1      | Found Uwakutwemay's Antique Armour Emporium.
   758 | D:1      | Found Maxomep's Book Shoppe.
   778 | D:1      | Learned a level 2 spell: Blink
   961 | D:1      | Reached skill level 3 in Spellcasting
   971 | D:1      | Found Yqess's Antique Weapon Boutique.
   983 | D:1      | Reached XP level 3. HP: 13/18 MP: 8/8
  1458 | D:2      | You add the spells Ozocubu's Armour and Ozocubu's
                  | Refrigeration to your library.
  1505 | D:2      | Found a burning altar of Makhleb.
  1878 | D:2      | Reached skill level 1 in Slings
  2101 | D:2      | Slain by a hound

Vanquished Creatures
  An adder (D:2)
  3 dart slugs
  5 bats
  6 endoplasms
  2 giant cockroaches (D:1)
  6 goblins
  3 hobgoblins (D:1)
  A quokka (D:1)
  A ball python (D:2)
  A frilled lizard (D:1)
  4 kobolds (D:1)
  2 rats
35 creatures vanquished.

Table legend:
 A = Non-vault XP
 B = Vault XP
 C = Vault XP percentage of total XP
 D = Non-vault monster count
 E = Vault monster count
 F = Vault count percentage of total count
                 A         B        C        D         E       F
            +---------+---------+-------+---------+---------+-------
      Total |      77 |       0 |   0.0 |      35 |       0 |   0.0
            +---------+---------+-------+---------+---------+-------
        D:1 |      48 |       0 |   0.0 |      26 |       0 |   0.0
        D:2 |      29 |       0 |   0.0 |       9 |       0 |   0.0
            +---------+---------+-------+---------+---------+-------

Illustrated notes

Table legend:
 A = Kills in this place as a percentage of kills in entire the game.
 B = Kills by you in this place as a percentage of kills by you in the entire game.
 C = Kills by friends in this place as a percentage of kills by friends in the entire game.
 D = Other kills in this place as a percentage of other kills in the entire game.
 E = Experience gained in this place as a percentage of experience gained in the entire game.
 F = Experience gained in this place divided by the number of levels of this place that you have seen.
                   A       B       C       D       E      F
               +-------+-------+-------+-------+-------+----------------------
         Total | 100.0 | 100.0 |   N/A |   N/A | 100.0 |  38.5
       Dungeon | 100.0 | 100.0 |   N/A |   N/A | 100.0 |  38.5
               +-------+-------+-------+-------+-------+----------------------

Table legend: (Time is in decaauts)
 A = Elapsed time spent in this place.
 B = Non-inter-level travel time spent in this place.
 C = Inter-level travel time spent in this place.
 D = Time resting spent in this place.
 E = Time spent auto-exploring this place.
 F = Levels seen in this place.
 G = Mean time per level.
                   A        B        C        D        E       F      G
               +--------+--------+--------+--------+--------+-----+--------+
         Total |   1652 |   1639 |     13 |    374 |   1037 |   2 |  826.0 |
       Dungeon |   1652 |   1639 |     13 |    374 |   1037 |   2 |  826.0 |
               +--------+--------+--------+--------+--------+-----+--------+

Top non-repeatable levels by time:
     D:1: 1118 daAuts
     D:2: 534 daAuts
